 Dungeon Crawl Stone Soup version 0.30-a0-956-gcec3b41aec (webtiles) character file.

Game seed: 2293122907401825268

39 IdlyInterested the Slasher (level 3, 0/27 HPs)
             Began as a Demonspawn Gladiator on Mar 29, 2023.
             Slain by a scorpion (6 damage)
             ... on level 3 of the Dungeon.
             The game lasted 00:04:50 (1846 turns).

IdlyInterested the Slasher (Demonspawn Gladiator)   Turns: 1846, Time: 00:04:50

Health: 0/27       AC:  6    Str: 14    XL:     3   Next: 28%
Magic:  3/3        EV: 12    Int:  9    God:
Gold:   77         SH:  0    Dex: 16    Spells: 2/2 levels left

rFire   . . .      SeeInvis .    a - +0 long sword
rCold   + . .      Faith    .    (no shield)
rNeg    . . .      Spirit   .    m - +2 leather armour {rC+}
rPois   .          Reflect  .    c - +0 helmet
rElec   .          Rampage  .    (no cloak)
rCorr   .                        (no gloves)
Will    .....                    (no boots)
Stlth   +                        (no amulet)
HPRegen 0.24/turn                (no ring)
MPRegen 0.08/turn                (no ring)

@: no status effects
A: claws 1, powered by pain 1
a: no special abilities


You were on level 3 of the Dungeon.
You visited 1 branch of the dungeon, and saw 3 of its levels.

You collected 77 gold pieces.

Inventory:

Hand Weapons
 a - a +0 long sword (weapon)
 h - a +0 falchion
Missiles
 d - a throwing net
 e - a javelin
 g - 24 stones (quivered)
 n - 3 silver javelins
Armour
 c - a +0 helmet (worn)
 m - a +2 leather armour of cold resistance (worn)
Jewellery
 k - a ring of magical power
Scrolls
 f - a scroll of noise {unknown}
 q - a scroll of teleportation
 r - a scroll of magic mapping {unknown}
Potions
 b - a potion of haste
 i - a potion of flight
 j - 2 potions of ambrosia
 l - 2 potions of heal wounds {unknown}
 o - a potion of resistance {unknown}
 p - 2 potions of cancellation {unknown}
 s - 2 potions of brilliance {unknown}


   Skills:
 - Level 2.0 Fighting
 * Level 3.6 Long Blades
 - Level 1.7 Throwing
 - Level 1.0 Armour
 - Level 2.6 Dodging
 + Level 0.6 Unarmed Combat


You had 2 spell levels left.
You didn't know any spells.
Your spell library contained the following spells:

 Spells                   Type           Power      Damage    Failure   Level
 Kiss of Death            Conj/Necr      0%         2d5       45%         1
 Confusing Touch          Hex            0%         N/A       83%         3
 Dispel Undead            Necr           0%         3d6       99%         4


Dungeon Overview and Level Annotations

Branches:
Dungeon (3/15)

Altars:

Shops:
D:1 [


Innate Abilities, Weirdness & Mutations

You have sharp fingernails.
You sometimes gain a little power by taking damage.


Message History

You throw a throwing net.
The throwing net completely misses the scorpion.
You feel sick. The scorpion stings you.
The scorpion stings you but does no damage.
Throw: 2 throwing nets
Press: ? - help, Shift-Dir - straight line, f/p - scorpion
Aim: a scorpion (moderately wounded, 60% to hit)
You throw a throwing net. The throwing net hits the scorpion.
The scorpion is caught in the net!
The scorpion is moderately wounded.
You feel sick.
The scorpion struggles against the net.
You barely miss the scorpion.
The scorpion is moderately wounded.
You feel sick.
The scorpion struggles against the net.
You hit the scorpion but do no damage.
The scorpion is moderately wounded.
You feel sick.
The scorpion struggles against the net.
The net rips apart, and the scorpion comes free!
You hit the scorpion.
The scorpion is severely wounded.
You feel sick. The scorpion closely misses you.
The scorpion stings you but does no damage.
You barely miss the scorpion.
The scorpion is severely wounded.
You feel sick.
The scorpion stings you but does no damage.
You barely miss the scorpion.
The scorpion is severely wounded.
You feel sick. The scorpion stings you.
* * * LOW HITPOINT WARNING * * *
The scorpion barely misses you.
You hit the scorpion but do no damage.
The scorpion is severely wounded.
You feel sick.
You are no longer poisoned.
The scorpion stings you but does no damage.
You hit the scorpion.
The scorpion is severely wounded.
The scorpion stings you.
You die...

#...>...# #.......# #........
#...(...# #.......## #..
#........# ... #........# ..#..
## # ### #(...s@..####...... ##.
##. #.. #######.........##.##..
#..##.. #..##..##........
#......###########...............
####................###### #..†
......#.#########...# #.#.
......#..## #...## #<..
....#..#..# #.#.# #..#<
....##..#.# ...#.. #...##.


You could see a scorpion.

Vanquished Creatures
  An orc (D:3)
  3 endoplasms
  4 giant cockroaches
  8 hobgoblins
  3 jackals (D:1)
  A quokka (D:2)
  2 ball pythons (D:1)
  4 bats
  2 goblins
  A kobold (D:2)
  2 rats
31 creatures vanquished.

Notes
Turn   | Place    | Note
-------+----------+-------------------------------------------
     0 | D:1      | IdlyInterested the Demonspawn Gladiator began the quest for
                  | the Orb.
     0 | D:1      | Reached XP level 1. HP: 16/16 MP: 1/1
   105 | D:1      | Reached skill level 3 in Long Blades
   115 | D:1      | Gained mutation: You have sharp fingernails. [demonic
                  | ancestry]
   115 | D:1      | Reached XP level 2. HP: 18/22 MP: 2/2
   274 | D:1      | Found Estos's Antique Armour Boutique.
   688 | D:1      | Reached skill level 1 in Armour
  1195 | D:2      | Gained mutation: You sometimes gain a little power by
                  | taking damage. [demonic ancestry]
  1195 | D:2      | Reached XP level 3. HP: 26/27 MP: 3/3
  1725 | D:3      | Found a faded altar of an unknown god.
  1831 | D:3      | Noticed a scorpion
  1846 | D:3      | Slain by a scorpion

Illustrated notes

Levels and vault maps discovered:
D:1:      wander_arrival_peaceful_grave, layout_basic, serial_shops, shop,
          chequers_serial_rivers_micro_d
D:2:      layout_loops_ring, basic_altar
D:3:      layout_rooms, tgw_sif, mainiacjoe_overflow_boulevard,
          nicolae_ecumenical_oubliette

Skill      XL: |  1  2 |
---------------+-------+-----
Long Blades    | 3 |  3.6
Armour         | 1 |  1.0
Fighting       | |  2.0
Throwing       | |  1.7
Dodging        | |  2.6
Unarmed Combat | |  0.6

Action                     || total
---------------------------++-------
  Melee: Long sword        ||    95
         Punch             ||     2
  Throw: Throwing net      ||     2
         Stone             ||     1
    Use: Scroll            ||     5
   Stab: Sleeping          ||     2
 Armour: Chain mail        ||    40
         Leather armour    ||    13
  Dodge: Dodged            ||    41

Table legend: (Time is in decaauts)
 A = Elapsed time spent in this place.
 B = Non-inter-level travel time spent in this place.
 C = Inter-level travel time spent in this place.
 D = Time resting spent in this place.
 E = Time spent auto-exploring this place.
 F = Levels seen in this place.
 G = Mean time per level.
                   A        B        C        D        E       F      G
               +--------+--------+--------+--------+--------+-----+--------+
         Total |   1868 |   1677 |    191 |     44 |   1233 |   3 |  622.7 |
       Dungeon |   1868 |   1677 |    191 |     44 |   1233 |   3 |  622.7 |
               +--------+--------+--------+--------+--------+-----+--------+

Top non-repeatable levels by time:
     D:1: 940 daAuts
     D:2: 815 daAuts
     D:3: 112 daAuts
